AoeStats
← THL

Arabia

507191989Analyzed
1v1 RM · 16d ago on Sep 17, 2026· 39m 21s· 2 players
Game mode
Random Map
Map size
Tiny (2 player)
Population
200
Speed
Normal
Resources
Standard
Victory
Conquest
Starting age
Dark Age
Ending age
Imperial Age
RankedLock teamsTeams togetherTeam positionsShared explorationLock speedFull tech treeHidden civsTurbo modeCheats
Victory
Defeat
🇨🇦 Lithuanians · Canada
1854
+13
🇻🇳 Tatars · Vietnam
1777
-13
THL
6:05 Loom
8:54 Feudal Age
9:53 Double-Bit Axe
20:43 Castle Age
19:54 Bloodlines
21:46 Bow Saw
22:01 Fletching
22:45 Bodkin Arrow
27:50 Husbandry
29:11 Gold Mining
29:37 Padded Archer Armor
39:53 Ballistics
cornonjakobe
5:58 Loom
8:28 Feudal Age
9:04 Double-Bit Axe
18:07 Bloodlines
20:15 Castle Age
20:11 Scale Barding Armor
21:29 Bow Saw
20:50 Light Cavalry
21:35 Horse Collar
25:56 Wheelbarrow
25:26 Husbandry
25:33 Fletching
25:24 Elite Skirmisher
29:06 Padded Archer Armor
30:29 Ballistics
30:30 Redemption
31:22 Sanctity
31:02 Bodkin Arrow
32:02 Fervor
32:58 Leather Archer Armor
38:56 Imperial Age
37:07 Hand Cart
36:37 Town Watch
37:31 Stone Mining
Connection lost

Rejoining the realm…

Still unreachable

The connection could not be restored.

Session expired

The server has moved on; the page needs a fresh start.